 Dungeon Crawl Stone Soup version 0.29-a0-330-g52719c12eb (webtiles) character file.

Game seed: 12852610373630065848

34 Crownlay the Digger (level 3, 0/21 HPs)
             Began as an Octopode Earth Elementalist on May 11, 2022.
             Slain by a gnoll
             ... wielding a +0 flail
              (8 damage)
             ... on level 3 of the Dungeon.
             The game lasted 00:01:54 (1650 turns).

Crownlay the Digger (Octopode Earth Elementalist)   Turns: 1650, Time: 00:01:55

Health: 0/21       AC:  1    Str:  7    XL:     3   Next: 31%
Magic:  0/6        EV: 13    Int: 19    God:
Gold:   27         SH:  0    Dex: 12    Spells: 5/6 levels left

rFire   . . .      SeeInvis .   n - +0 dagger
rCold   . . .      Faith    .   (no shield)
rNeg    . . .      Spirit   .   (helmet restricted)
rPois   .          Reflect  .   (no amulet)
rElec   .          Harm     .   (no ring)
rCorr   .          Rampage  .   (no ring)
Will    .....                   (no ring)
Stlth   +++.......              (no ring)
HPRegen 0.07/turn               (no ring)
MPRegen 0.10/turn               (no ring)
                                (no ring)
                                (no ring)

@: no status effects
A: almost no armour, amphibious, 8 rings, camouflage 1, gelatinous body 1,
(nimble swimmer 1), tentacles
a: no special abilities


You were on level 3 of the Dungeon.
You visited 1 branch of the dungeon, and saw 3 of its levels.

You collected 63 gold pieces.
You spent 36 gold pieces at shops.

Inventory:

Hand Weapons
 n - a +0 dagger (weapon)
Missiles
 a - 35 stones
Scrolls
 f - a scroll of enchant armour {unknown}
 h - a scroll of fog {unknown}
 i - a scroll of magic mapping {unknown}
 j - a scroll of holy word {unknown}
 k - a scroll of enchant weapon {unknown}
 l - a scroll of fear {unknown}
 m - 2 scrolls of identify {unknown}
Potions
 b - a potion of magic
 c - a potion of haste {unknown}
 d - a potion of cancellation {unknown}
 e - 4 potions of curing
 g - 2 potions of degeneration {unknown}


   Skills:
 - Level 2.0 Dodging
 - Level 2.6 Stealth
 - Level 2.0 Spellcasting
 - Level 1.0 Transmutations
 * Level 4.3 Earth Magic


You had 5 spell levels left.
You knew the following spells:

 Your Spells              Type           Power      Damage    Failure   Level
a - Sandblast             Erth           36%        2d10      2%          1

Your spell library contained the following spells:

 Spells                   Type           Power      Damage    Failure   Level
 Passwall                 Tmut/Erth      10%        N/A       9%          2
 Stone Arrow              Conj/Erth      20%        3d8       21%         3
 Petrify                  Tmut/Erth      12%        N/A       50%         4


Dungeon Overview and Level Annotations

Branches:
Dungeon (3/15)

Altars:
Fedhas

Shops:
D:2 !


Innate Abilities, Weirdness & Mutations

You cannot wear most types of armour.
You are amphibious.
You can wear up to eight rings at the same time.
Your skin changes colour to match your surroundings (Stealth+).
Your rubbery body absorbs attacks. (AC +1, EV +1)
((You are camouflaged when in or above water. (Stealth+)))
You have tentacles for arms and can constrict up to eight enemies at once.


Message History

The blast of sand hits the orc!
You kill the orc!
You are too depleted to draw on your mana recklessly!
A gnoll comes into view. It is wielding a +0 club.
The orc barely misses you.
Items here: ))) [ †.
n - a +0 dagger The orc hits you with a +0 mace!
n - a +0 dagger (weapon)
The orc throws a boomerang.
The boomerang barely misses you.
The orc throws a boomerang.
The boomerang barely misses you.
There is a stone staircase leading up here.
You climb upwards.
There is a stone staircase leading down here.
Magic restored.
HP restored.
Done exploring.
You climb downwards.
The orc hits you with a +0 mace. x2
There is a stone staircase leading up here.
The blast of sand hits the orc!
You kill the orc!
You have reached level 3!
Your experience leads to an increase in your attributes!
Increase (S)trength, (I)ntelligence, or (D)exterity?
You feel clever. x2
The blast of sand hits the gnoll!
You kill the gnoll!
A ball python comes into view.
The blast of sand hits the gnoll!
The gnoll is severely wounded.
The gnoll shouts!
The ball python hisses angrily.
A gnoll comes into view. It is wielding a +0 flail.
The blast of sand hits the gnoll.
The gnoll is almost dead.
The blast of sand hits the gnoll but does no damage.
The gnoll is almost dead.
The gnoll hits you with a +0 flail.
You are too injured to fight recklessly!
The gnoll hits you with a +0 flail!
You die...

#. #. ### ##.#
#..
#...###.####.##
#.............#
#...S##)######
#...gg........
###@##.######.
####.# ... #.##
... #.# .#


You could see 2 gnolls and a ball python.

Vanquished Creatures
  A gnoll (D:3)
  4 orcs (D:3)
  2 bats
  An endoplasm (D:2)
  A giant cockroach (D:1)
  A goblin (D:1)
  3 hobgoblins
  3 ball pythons
  2 frilled lizards
  2 kobolds
  A rat (D:1)
21 creatures vanquished.

Notes
Turn   | Place    | Note
-------+----------+-------------------------------------------
     0 | D:1      | Crownlay the Octopode Earth Elementalist began the quest
                  | for the Orb.
     0 | D:1      | Reached XP level 1. HP: 11/11 MP: 3/3
   521 | D:1      | Reached XP level 2. HP: 17/17 MP: 3/5
   794 | D:2      | Found a blossoming altar of Fedhas.
  1390 | D:2      | Found Loon's Distillery.
  1409 | D:2      | Bought a potion of curing for 36 gold pieces
  1518 | D:3      | Reached skill level 4 in Earth Magic
  1646 | D:3      | Reached XP level 3. HP: 13/21 MP: 4/6
  1650 | D:3      | Slain by a gnoll

Illustrated notes

Levels and vault maps discovered:
D:1:      dpeg_arrival_concentric_ovals, layout_loops_ring
D:2:      layout_loops_ring, serial_shops, shop, basic_altar,
          hangedman_decor_riveting
D:3:      layout_basic

Skill      XL: |  1  2 |
---------------+-------+-----
Earth Magic    | 4 |  4.3
Dodging        | |  2.0
Stealth        | |  2.6
Spellcasting   | |  2.0
Transmutations | |  1.0

Action                   || total
-------------------------++-------
Melee: Unarmed           ||     3
       Constrict         ||     1
       Tentacles         ||     1
 Cast: Sandblast         ||    31
Dodge: Dodged            ||    16

Table legend: (Time is in decaauts)
 A = Elapsed time spent in this place.
 B = Non-inter-level travel time spent in this place.
 C = Inter-level travel time spent in this place.
 D = Time resting spent in this place.
 E = Time spent auto-exploring this place.
 F = Levels seen in this place.
 G = Mean time per level.
                   A        B        C        D        E       F      G
               +--------+--------+--------+--------+--------+-----+--------+
         Total |   1650 |   1574 |     76 |      0 |   1452 |   3 |  550.0 |
       Dungeon |   1650 |   1574 |     76 |      0 |   1452 |   3 |  550.0 |
               +--------+--------+--------+--------+--------+-----+--------+

Top non-repeatable levels by time:
     D:2: 835 daAuts
     D:1: 794 daAuts
     D:3: 20 daAuts
